[Event "Titled Tuesday Blitz December 06 Early 2022"]
[White "Tsyhanchuk, Stanislav"]
[Black "Mazurkiewicz, Michal"]
[WhiteFideId "13505130"]
[BlackFideId "1124943"]
[WhiteElo "2173"]
[BlackElo "2081"]
[Result "0-1"]
[Round "10"]
[TimeControl "180+1"]
[Date "2022.12.07"]
[WhiteClock "0:00:05"]
[BlackClock "0:00:42"]

1. e4 d6 2. d4 Nf6 3. Nc3 c6 4. Nge2 e5 5. g3 Be7 6. Bg2 O-O 7. O-O b5 8. a3 a6 9. h3 Nbd7 10. Be3 Bb7 11. f4 Re8 12. g4 Bf8 13. dxe5 dxe5 14. f5 Bc5 15. Bxc5 Nxc5 16. Qe1 a5 17. b4 axb4 18. axb4 Rxa1 19. Qxa1 Na6 20. Qb1 Qd6 21. Na2 Qd2 22. Kf2 c5 23. Qc1 Nxe4+ 24. Bxe4 Qxc1 25. Rxc1 Bxe4 26. c4 bxc4 27. b5 Nb8 28. Nac3 Bd3 29. Ra1 Nd7 30. Ra7 Nf6 31. b6 Rb8 32. b7 Nd7 33. Nd5 Be4 34. Nec3 Bxd5 35. Nxd5 Kf8 36. Nc7 c3 37. Ke2 Nb6 38. Na6 Rd8 39. Ra8 Nxa8 40. b8=Q Rxb8 41. Nxb8 Ke7 42. Kd3 Kf6 43. Nd7+ Kg5 44. Nxe5 f6 45. Nf3+ Kf4 46. Ng1 Nc7 47. Kxc3 Kg3 48. Kc4 Kg2 49. Ne2 Kxh3 50. Kxc5 Kxg4 51. Kd6 Nb5+ 52. Kc5 Na3 53. Kb4 Nc2+ 54. Kc3 Ne3 55. Kd3 Nxf5 56. Kd2 Kf3 57. Ke1 g5 58. Ng1+ Kg2 59. Ne2 h5 60. Nc1 h4 61. Nd3 h3 62. Nf2 h2 63. Ke2 g4 64. Nh1 Kxh1 65. Kf1 g3 66. Ke2 g2 67. Kf3 g1=Q 68. Kf4 Qg5+ 69. Ke4 Nd6+ 70. Kf3 Qf5+ 71. Kg3 Ne4+ 72. Kh4 Qg5+ 73. Kh3 Qh5# 0-1


[Site "https://www.chess.com"]

[Event "Titled Tuesday Blitz December 06 Early 2022"]
[White "Valle Maytin, Luis Enrique"]
[Black "Kim, Sergey"]
[WhiteFideId "3503666"]
[BlackFideId "13700570"]
[WhiteElo "2225"]
[BlackElo "2607"]
[Result "0-1"]
[Round "10"]
[TimeControl "180+1"]
[Date "2022.12.07"]
[WhiteClock "0:00:04"]
[BlackClock "0:00:14"]

1. e4 e5 2. Nf3 Nc6 3. Bb5 a6 4. Ba4 Nf6 5. O-O b5 6. Bb3 Bc5 7. c3 d6 8. h3 h6 9. Re1 O-O 10. d4 Bb6 11. Be3 Re8 12. Nbd2 exd4 13. cxd4 Bb7 14. Bc2 Nb4 15. Bb1 Nxe4 16. Nxe4 Bxe4 17. a3 Nd5 18. Bg5 hxg5 19. Bxe4 c6 20. Qc1 Rc8 21. Nxg5 Bxd4 22. Qd2 Bf6 23. Nf3 Ne7 24. Rad1 d5 25. Bb1 Qd6 26. Ng5 Bxg5 27. Qxg5 Ng6 28. Bf5 Rcd8 29. g3 c5 30. Kg2 d4 31. h4 c4 32. h5 Nf8 33. Be4 d3 34. Qf5 Re5 35. Qf4 Rde8 36. f3 Qe6 37. Rh1 f5 38. h6 g6 39. h7+ Kh8 40. Qh6 fxe4 41. f4 Rf5 42. g4 Rf7 43. Kg3 e3 44. Qg5 e2 45. f5 Qe3+ 46. Qxe3 Rxe3+ 47. Kf2 exd1=Q 48. Re1 0-1


[Site "https://www.chess.com"]

[Event "Titled Tuesday Blitz December 06 Early 2022"]
[White "Vidit, Santosh Gujrathi"]
[Black "Aravindh, Chithambaram VR."]
[WhiteFideId "5029465"]
[BlackFideId "5072786"]
[WhiteElo "2669"]
[BlackElo "2586"]
[Result "1-0"]
[Round "10"]
[TimeControl "180+1"]
[Date "2022.12.06"]
[WhiteClock "0:00:13"]
[BlackClock "0:00:02"]

1. e4 e5 2. Nf3 Nc6 3. Bb5 a6 4. Ba4 Nf6 5. O-O Nxe4 6. Re1 Nc5 7. Bxc6 dxc6 8. Nxe5 Be6 9. Qh5 Be7 10. b3 O-O 11. Ba3 Qd4 12. Nf3 Qxa1 13. Nc3 Qxe1+ 14. Nxe1 g6 15. Qh6 Rfe8 16. Nf3 Bf8 17. Qh4 Rad8 18. d4 Be7 19. Ng5 Bxg5 20. Qxg5 Bf5 21. g4 Ne4 22. Nxe4 Bxe4 23. c4 Rxd4 24. h3 Rd1+ 25. Kh2 Rh1+ 26. Kg3 Rg1+ 27. Kh4 h5 28. Bb2 1-0


[Site "https://www.chess.com"]

[Event "Titled Tuesday Blitz December 06 Early 2022"]
[White "Vifleemskaia, Svetlana"]
[Black "Tsatsalashvili, Keti"]
[WhiteFideId "4129490"]
[BlackFideId "13603434"]
[WhiteElo "1930"]
[BlackElo "2220"]
[Result "1/2-1/2"]
[Round "10"]
[TimeControl "180+1"]
[Date "2022.12.07"]
[WhiteClock "0:00:17"]
[BlackClock "0:00:28"]

1. d4 Nf6 2. c4 e6 3. Nc3 Bb4 4. e3 c5 5. Ne2 cxd4 6. exd4 d5 7. a3 Bxc3+ 8. Nxc3 O-O 9. cxd5 Nxd5 10. Bd3 h6 11. O-O Nd7 12. Nxd5 exd5 13. Bf4 Qf6 14. Qd2 Nb6 15. Be5 Qh4 16. b3 Be6 17. Rac1 Rfc8 18. Qf4 Qxf4 19. Bxf4 Rxc1 20. Rxc1 Rc8 21. Rxc8+ Nxc8 22. f3 Kf8 23. Kf2 Ke7 24. g4 Nd6 25. Be5 f6 26. Bxd6+ Kxd6 27. Ke3 g5 28. Kd2 Bf7 29. Ke3 a6 30. f4 Be8 31. Bf5 Bb5 32. a4 Be8 33. Bc8 Kc6 34. Be6 Bd7 35. Bxd7+ Kxd7 36. f5 Kc6 37. Kd3 a5 38. Kc3 b6 39. Kd3 Kd6 40. Ke3 Kc6 41. Kd3 Kd6 42. Ke3 Kc6 43. Kd3 1/2-1/2


[Site "https://www.chess.com"]

[Event "Titled Tuesday Blitz December 06 Early 2022"]
[White "Vlassov, Nikolai"]
[Black "Tanenbaum, Zachary"]
[WhiteFideId "4103360"]
[BlackFideId "2060850"]
[WhiteElo "2324"]
[BlackElo "2175"]
[Result "1-0"]
[Round "10"]
[TimeControl "180+1"]
[Date "2022.12.07"]
[WhiteClock "0:00:49"]
[BlackClock "0:00:10"]

1. e4 e5 2. Bc4 Nf6 3. d3 c6 4. Nf3 d5 5. Bb3 Bb4+ 6. c3 Bd6 7. Bg5 Be6 8. d4 Nbd7 9. exd5 cxd5 10. dxe5 Nxe5 11. Nxe5 Bxe5 12. Nd2 O-O 13. O-O Qd6 14. Nf3 Bg4 15. h3 Bxf3 16. Qxf3 Ne4 17. Be3 Rad8 18. Rad1 Qc6 19. Rd3 Rd7 20. Rfd1 Rfd8 21. Qf5 Qe6 22. Qxe6 fxe6 23. Bxa7 Bd6 24. Bb6 Rf8 25. c4 Bc5 26. Bxc5 Nxc5 27. Rd4 Rdf7 28. cxd5 Nxb3 29. axb3 exd5 30. f3 h6 31. Rxd5 Re8 32. Rd8 Kf8 33. Kf2 Re7 34. Rxe8+ Kxe8 35. Re1 Kd7 36. Rxe7+ Kxe7 37. Ke3 Kd6 38. Kd4 g5 39. g3 h5 40. f4 gxf4 41. gxf4 Ke6 42. Ke4 Kf6 43. f5 b5 44. b4 Kg5 45. Ke5 Kh4 46. f6 Kxh3 47. f7 h4 48. f8=Q Kg2 49. Qg7+ Kh2 50. Qg4 h3 51. Kf4 Kh1 52. Kf3 Kh2 53. Kf2 Kh1 54. Qg1# 1-0


[Site "https://www.chess.com"]

[Event "Titled Tuesday Blitz December 06 Early 2022"]
[White "Volkov, Maksim"]
[Black "Kvaloy, Aksel Bu"]
[WhiteFideId "54123070"]
[BlackFideId "1528815"]
[WhiteElo "2257"]
[BlackElo "2184"]
[Result "0-1"]
[Round "10"]
[TimeControl "180+1"]
[Date "2022.12.07"]
[WhiteClock "0:00:09"]
[BlackClock "0:00:31"]

1. d4 Nf6 2. c4 e6 3. g3 d5 4. Nf3 dxc4 5. Bg2 c6 6. Ne5 Bb4+ 7. Bd2 Be7 8. e3 b5 9. Nxc6 Nxc6 10. Bxc6+ Bd7 11. Bxa8 Qxa8 12. O-O e5 13. f3 exd4 14. exd4 O-O 15. Nc3 b4 16. Ne2 Nd5 17. a3 bxa3 18. bxa3 Bf6 19. Rc1 Rc8 20. Kg2 h5 21. Nf4 h4 22. Qe2 Nxf4+ 23. Bxf4 h3+ 24. Kh1 Bc6 25. Be5 Bg5 26. Rc3 Bd5 27. Kg1 Re8 28. f4 Bd8 29. Re3 Bb6 30. Qg4 g6 31. Qh4 Rxe5 32. fxe5 Be6 33. Re2 Qd5 34. Rd1 c3 35. Qf4 Qb3 36. Qc1 Qc4 37. Re3 c2 38. Rd2 Bxd4 39. Rxd4 Qxd4 40. Kf2 Bf5 41. Ke2 Bg4+ 42. Kf2 Bd1 43. Ke1 Bg4 44. Kf2 Qd1 45. Re1 Qf3+ 0-1


[Site "https://www.chess.com"]

[Event "Titled Tuesday Blitz December 06 Early 2022"]
[White "Xu, Yi"]
[Black "Xiong, Jeffery"]
[WhiteFideId "8605564"]
[BlackFideId "2047640"]
[WhiteElo "2471"]
[BlackElo "2726"]
[Result "0-1"]
[Round "10"]
[TimeControl "180+1"]
[Date "2022.12.06"]
[WhiteClock "0:00:02"]
[BlackClock "0:00:08"]

1. e4 e6 2. d4 d5 3. e5 c5 4. c3 Qb6 5. Nf3 Bd7 6. Be2 Bb5 7. dxc5 Bxc5 8. b4 Bf8 9. Be3 Qa6 10. Bxb5+ Qxb5 11. a4 Qd7 12. O-O Ne7 13. Na3 Nf5 14. Nd4 Nxe3 15. fxe3 Nc6 16. Qh5 g6 17. Qg5 Bg7 18. Nab5 Nxe5 19. Rf6 Qe7 20. Raf1 Bxf6 21. Rxf6 Ng4 22. Nd6+ Qxd6 23. Qxg4 Qe5 24. Rf3 O-O 25. Qh4 Rac8 26. Rh3 Qg7 27. Qe1 Rc4 28. Rf3 a6 29. h4 Rfc8 30. h5 Rxc3 31. Qg3 Qh6 32. Qe5 Rc1+ 33. Kf2 Qxh5 34. Qf6 g5 35. Rg3 h6 36. Nf3 R8c2+ 0-1


[Site "https://www.chess.com"]

[Event "Titled Tuesday Blitz December 06 Early 2022"]
[White "Yaran, Siar"]
[Black "Chernov, Mikhail"]
[WhiteFideId "6323006"]
[BlackFideId "24143170"]
[WhiteElo "2191"]
[BlackElo "2113"]
[Result "1-0"]
[Round "10"]
[TimeControl "180+1"]
[Date "2022.12.07"]
[WhiteClock "0:01:55"]
[BlackClock "0:00:07"]

1. e4 c5 2. Nf3 Nc6 3. d3 g6 4. Nbd2 Bg7 5. g3 e5 6. Bg2 Nge7 7. O-O O-O 8. c3 d6 9. Qe2 h6 10. a3 a5 11. a4 f5 12. Nc4 Be6 13. Rd1 g5 14. exf5 Bxf5 15. Be3 d5 16. Na3 d4 17. Bd2 Qd7 18. Nc4 Rae8 19. Ncxe5 Nxe5 20. Nxe5 Qc7 21. f4 Ng6 22. cxd4 cxd4 23. Rac1 Qb8 24. Qh5 Nxe5 25. fxe5 Rxe5 26. Be1 Qe8 27. Qxe8 Rfxe8 28. Bf2 Re2 29. Bxb7 Rxb2 30. Bd5+ Kh7 31. Rb1 Ree2 32. Rxb2 Rxb2 33. Re1 Bxd3 34. Re7 Kg6 35. Rf7 Rb1+ 36. Kg2 g4 37. Rxg7+ Kxg7 38. Bxd4+ Kg6 39. Kf2 Bc2 40. Bc6 Rd1 41. Bc3 Bf5 42. Bxa5 Rc1 43. Bb7 Rc2+ 44. Ke3 Rxh2 45. Bb6 Rg2 46. Bxg2 1-0


[Site "https://www.chess.com"]

[Event "Titled Tuesday Blitz December 06 Early 2022"]
[White "Zaragatski, Ilja"]
[Black "Bon, Michael"]
[WhiteFideId "4655192"]
[BlackFideId "620696"]
[WhiteElo "2460"]
[BlackElo "2389"]
[Result "1-0"]
[Round "10"]
[TimeControl "180+1"]
[Date "2022.12.07"]
[WhiteClock "0:00:14"]
[BlackClock "0:00:17"]

1. e4 c5 2. Nf3 d6 3. d4 cxd4 4. Nxd4 Nf6 5. Nc3 Nc6 6. f3 e5 7. Nb3 Be7 8. Be3 O-O 9. Qd2 Be6 10. O-O-O a5 11. Bb5 Nb4 12. a3 d5 13. axb4 d4 14. Nxd4 axb4 15. Nb1 exd4 16. Qxd4 Qc7 17. Qb6 Rfc8 18. Qxc7 Rxc7 19. Bb6 Rcc8 20. Rd3 Ra1 21. c4 Bxc4 22. Bxc4 Rxc4+ 23. Kd2 h5 24. Rc1 Rc6 25. Rxc6 bxc6 26. Kc2 c5 27. Nd2 Rg1 28. e5 Ne8 29. Rd7 Kf8 30. Rxe7 Kxe7 31. Bxc5+ Ke6 32. Bxg1 Kxe5 33. Nc4+ Kf4 34. Be3+ 1-0


[Site "https://www.chess.com"]

[Event "Titled Tuesday Blitz December 06 Early 2022"]
[White "Zemlyanskii, Ivan"]
[Black "Csonka, Balazs"]
[WhiteFideId "24249971"]
[BlackFideId "742910"]
[WhiteElo "2107"]
[BlackElo "2404"]
[Result "1-0"]
[Round "10"]
[TimeControl "180+1"]
[Date "2022.12.06"]
[WhiteClock "0:00:49"]
[BlackClock "0:00:11"]

1. d4 Nf6 2. c4 g6 3. Nf3 Bg7 4. Nc3 d5 5. cxd5 Nxd5 6. e4 Nxc3 7. bxc3 c5 8. Bb5+ Nc6 9. O-O cxd4 10. cxd4 O-O 11. Bxc6 bxc6 12. Qc2 Bg4 13. Ne5 Qxd4 14. Bb2 Qb6 15. Rab1 Bxe5 16. Bxe5 Qa6 17. Qc5 Rfe8 18. Bc3 Be2 19. Rfe1 Rad8 20. h4 Qc4 21. Qa5 Qa6 22. Qe5 f6 23. Qf4 Qd3 24. Rbc1 Rd7 25. e5 Rd5 26. exf6 Rf5 27. f7+ Rxf7 28. Qe5 Rf6 29. Qxe2 1-0


[Site "https://www.chess.com"]

[Event "Titled Tuesday Blitz December 06 Early 2022"]
[White "monkins"]
[Black "Osmonbekov, Talaibek"]
[BlackFideId "2017253"]
[WhiteElo "2245"]
[BlackElo "2135"]
[Result "0-1"]
[Round "10"]
[TimeControl "180+1"]
[Date "2022.12.07"]
[WhiteClock "0:00:01"]
[BlackClock "0:00:31"]

1. Nf3 f5 2. c4 Nf6 3. g3 e6 4. Bg2 Be7 5. O-O O-O 6. d3 d6 7. Nc3 e5 8. b4 Qe8 9. Bb2 Qh5 10. c5 f4 11. cxd6 cxd6 12. Qb3+ Kh8 13. Rfe1 Bh3 14. Bh1 Nc6 15. Ne4 Nxe4 16. dxe4 Bd8 17. b5 Na5 18. Qb4 Rf6 19. Red1 Qg6 20. Nxe5 dxe5 21. Rxd8+ Rxd8 22. Qxa5 Rfd6 23. Qe1 Qg5 24. Bg2 Bxg2 25. Kxg2 h5 26. Qc3 Rd4 27. h4 Qg6 28. Qc7 Qxe4+ 29. Kh2 fxg3+ 30. fxg3 Qxe2+ 31. Kh3 Qg4+ 32. Kg2 Rd2+ 33. Kh1 Qf3+ 0-1


[Site "https://www.chess.com"]

[Event "Titled Tuesday Blitz December 06 Early 2022"]
[White "sabkeIXO"]
[Black "Yuan, Qingyu"]
[BlackFideId "8609772"]
[WhiteElo "2488"]
[BlackElo "2359"]
[Result "0-1"]
[Round "10"]
[TimeControl "180+1"]
[Date "2022.12.07"]
[WhiteClock "0:00:05"]
[BlackClock "0:00:39"]

1. e4 e5 2. Nf3 Nc6 3. d4 exd4 4. Bc4 Bc5 5. c3 Nf6 6. cxd4 Bb4+ 7. Bd2 Bxd2+ 8. Nbxd2 d5 9. exd5 Nxd5 10. Qb3 Nce7 11. O-O O-O 12. Ne4 Nb6 13. Rac1 Bg4 14. Ne5 Qxd4 15. Bxf7+ Kh8 16. Nxg4 Qxe4 17. Rxc7 Nf5 18. Ne3 Nd4 19. Qd1 Nb5 20. Rc5 Qb4 21. Rf5 Nd4 22. a3 Qxb2 23. Qh5 Nxf5 24. Qxf5 Qxa3 25. Qh5 Qe7 26. Bg6 h6 27. Nf5 Qg5 28. Qxg5 hxg5 29. g4 Rf6 30. Ne7 Re6 0-1


[Site "https://www.chess.com"]

[Event "Titled Tuesday Blitz December 06 Early 2022"]
[White "Abasov, Nijat"]
[Black "Bortnyk, Olexandr"]
[WhiteFideId "13402960"]
[BlackFideId "14120828"]
[WhiteElo "2546"]
[BlackElo "2723"]
[Result "1-0"]
[Round "11"]
[TimeControl "180+1"]
[Date "2022.12.06"]
[WhiteClock "0:00:17"]
[BlackClock "0:00:05"]

1. e4 Nf6 2. e5 Nd5 3. d4 d6 4. c4 Nb6 5. f4 dxe5 6. fxe5 Bf5 7. Nc3 e6 8. Nf3 Bb4 9. Bd3 Bg4 10. Be3 c5 11. a3 cxd4 12. axb4 dxe3 13. Be4 Nc6 14. Qxd8+ Rxd8 15. Bxc6+ bxc6 16. b3 Rd3 17. Ne4 O-O 18. Nc5 Rc3 19. Ke2 Rc2+ 20. Kxe3 Rxg2 21. Nd4 Bh3 22. Nxc6 f6 23. Rhg1 Rxh2 24. Rxa7 g6 25. exf6 Rxf6 26. Ne4 Rf8 27. Kd4 Bg2 28. Ra2 Bxe4 29. Ne7+ Kf7 30. Rxh2 Kxe7 31. Rxh7+ Kd6 32. Kxe4 Kc6 33. Rxg6 Re8 34. Rhh6 Kd7 35. Ke5 Kc7 36. Rxe6 Nd7+ 37. Kd4 Rg8 38. Rc6+ Kb7 39. Rcg6 Rf8 40. Rg7 Rf4+ 41. Ke3 1-0


[Site "https://www.chess.com"]

[Event "Titled Tuesday Blitz December 06 Early 2022"]
[White "Aloma Vidal, Robert"]
[Black "Zaragatski, Ilja"]
[WhiteFideId "2260409"]
[BlackFideId "4655192"]
[WhiteElo "2435"]
[BlackElo "2460"]
[Result "1/2-1/2"]
[Round "11"]
[TimeControl "180+1"]
[Date "2022.12.07"]
[WhiteClock "0:00:07"]
[BlackClock "0:00:10"]

1. e4 e6 2. d4 d5 3. e5 c5 4. c3 Nc6 5. Nf3 Nge7 6. dxc5 Ng6 7. Be3 Ngxe5 8. Nxe5 Nxe5 9. Bb5+ Bd7 10. Bxd7+ Qxd7 11. O-O Be7 12. Bd4 Bf6 13. f4 Nc4 14. b3 Na5 15. Bxf6 gxf6 16. Qd4 Qe7 17. Nd2 Nc6 18. Qf2 O-O 19. b4 Kh8 20. Nf3 Rg8 21. Rfe1 Qc7 22. Qh4 Qd8 23. Rad1 f5 24. Ng5 Rg7 25. Rd3 Qf6 26. Rh3 d4 27. b5 Ne7 28. Kh1 dxc3 29. Qh5 Qg6 30. Qf3 Nd5 31. Qf2 Rag8 32. Rg3 Qf6 33. a4 Nxf4 34. Nxf7+ Qxf7 35. Qxf4 Rxg3 36. hxg3 c2 37. Qd4+ Qg7 38. Qxg7+ Rxg7 39. Rc1 Rxg3 40. Rxc2 Rg7 41. c6 bxc6 42. Rxc6 Re7 43. a5 Kg7 44. b6 axb6 45. axb6 Kg6 46. Rc7 Re8 47. Kh2 Rb8 48. b7 e5 49. Kg3 h6 50. Kh4 e4 51. Kg3 Kg5 52. Rg7+ Kf6 53. Rc7 Ke5 54. Kf2 f4 55. Ke2 Kd6 56. Rf7 Ke5 57. Re7+ Kd5 58. Rf7 Kc6 59. Rxf4 Rxb7 60. Rxe4 Kd5 61. Rh4 Rb6 62. Kf3 Re6 63. Rf4 Ke5 64. g4 Rf6 65. Rxf6 Kxf6 66. Kf4 Kg6 67. Kf3 Kg5 68. Kg3 Kf6 69. Kh4 Kg6 70. Kh3 Kg5 71. Kg3 h5 72. gxh5 Kxh5 1/2-1/2


[Site "https://www.chess.com"]

[Event "Titled Tuesday Blitz December 06 Early 2022"]
[White "Aradhya, Garg"]
[Black "Vlassov, Nikolai"]
[WhiteFideId "25006746"]
[BlackFideId "4103360"]
[WhiteElo "2278"]
[BlackElo "2324"]
[Result "1-0"]
[Round "11"]
[TimeControl "180+1"]
[Date "2022.12.06"]
[WhiteClock "0:00:14"]
[BlackClock "0:00:03"]

1. d4 Nf6 2. c4 Nc6 3. Nf3 e6 4. Nc3 Bb4 5. Qc2 d6 6. Bd2 O-O 7. a3 Bxc3 8. Bxc3 Qe7 9. b4 e5 10. dxe5 Nxe5 11. e3 Re8 12. Nxe5 dxe5 13. Bd3 h6 14. h3 a5 15. O-O e4 16. Be2 Bf5 17. bxa5 Qe6 18. Kh2 Nd7 19. Rad1 Ne5 20. Rd5 Nd3 21. f4 c6 22. Rd4 Qe7 23. g4 Bh7 24. f5 Qxa3 25. Bxd3 exd3 26. Qxd3 Qe7 27. Re1 f6 28. Rd7 Red8 29. Rxe7 Rxd3 30. Bb4 Kh8 31. Rxb7 Bg8 32. Rb6 Bxc4 33. Rxc6 Bd5 34. Rd6 Rb8 35. Rb1 Rc8 36. Rb2 Rc1 37. Rd2 Rh1+ 38. Kg3 Rxe3+ 39. Kf2 Rf3+ 40. Ke2 Rh2+ 41. Ke1 Rh1+ 42. Ke2 Rh2+ 43. Kd1 Rh1+ 44. Kc2 Be4+ 45. R6d3 1-0


[Site "https://www.chess.com"]

[Event "Titled Tuesday Blitz December 06 Early 2022"]
[White "Aravindh, Chithambaram VR."]
[Black "Zhigalko, Sergei"]
[WhiteFideId "5072786"]
[BlackFideId "13502956"]
[WhiteElo "2586"]
[BlackElo "2662"]
[Result "1-0"]
[Round "11"]
[TimeControl "180+1"]
[Date "2022.12.06"]
[WhiteClock "0:00:01"]
[BlackClock "0:00:02"]

1. g3 d5 2. Bg2 c6 3. Nf3 Bg4 4. b3 Bxf3 5. exf3 Nf6 6. Bb2 g6 7. O-O Bg7 8. f4 e6 9. d3 O-O 10. Nd2 a5 11. a4 Nbd7 12. Nf3 Qb6 13. Qe2 Rfe8 14. Ne5 Nxe5 15. fxe5 Nd7 16. Kh1 Qc7 17. f4 b5 18. d4 bxa4 19. Rxa4 Nb6 20. Ra3 a4 21. g4 Bf8 22. f5 Bxa3 23. Bxa3 axb3 24. Bd6 Qd8 25. cxb3 exf5 26. Qf2 Qg5 27. gxf5 Qxf5 28. Qg3 Qc2 29. Qf4 Ra7 30. Bc5 Qxb3 31. e6 fxe6 32. Qh6 Nd7 33. Bxa7 Qd3 34. Bc5 Nxc5 35. Qf4 1-0


[Site "https://www.chess.com"]

[Event "Titled Tuesday Blitz December 06 Early 2022"]
[White "Artemenko, Oleg"]
[Black "Sadhwani, Raunak"]
[WhiteFideId "14201798"]
[BlackFideId "35093487"]
[WhiteElo "2287"]
[BlackElo "2657"]
[Result "1-0"]
[Round "11"]
[TimeControl "180+1"]
[Date "2022.12.06"]
[WhiteClock "0:00:06"]
[BlackClock "0:00:01"]

1. d4 Nf6 2. Nc3 d5 3. Bf4 c5 4. e4 Nxe4 5. Nxe4 dxe4 6. dxc5 Qa5+ 7. c3 Qxc5 8. Qa4+ Nc6 9. Qxe4 Bf5 10. Qa4 a6 11. Be3 Qa5 12. Qxa5 Nxa5 13. Nf3 Nc6 14. O-O-O e5 15. Bc4 f6 16. Rhe1 Rd8 17. Bb6 Rxd1+ 18. Rxd1 Be7 19. Bd5 Bd7 20. Nd2 Bd8 21. Be3 Be7 22. Nc4 Nd8 23. Na5 b5 24. Bb6 h5 25. Nb7 Nxb7 26. Bxb7 Rh6 27. Be3 Rg6 28. Be4 f5 29. Rxd7 fxe4 30. Rd5 Rxg2 31. Rxe5 Kd7 32. Rxh5 Bd6 33. h4 Ke6 34. Kd2 Rg4 35. Ke2 Be7 36. Bd4 g6 37. Re5+ Kd7 38. h5 Bd6 39. Rd5 Ke6 40. c4 bxc4 41. Ra5 gxh5 42. Rxh5 Rg6 43. Ra5 Rh6 44. Rxa6 Kd5 45. Be3 Re6 46. Ra5+ Kc6 47. Kd1 Re8 48. Kc2 Rf8 49. Rh5 Rf7 50. Kc3 Bf4 51. Bd4 1-0


[Site "https://www.chess.com"]

[Event "Titled Tuesday Blitz December 06 Early 2022"]
[White "Atakhan, Abtin"]
[Black "Salman, Pavel"]
[WhiteFideId "22502203"]
[BlackFideId "24153753"]
[WhiteElo "2189"]
[BlackElo "2187"]
[Result "0-1"]
[Round "11"]
[TimeControl "180+1"]
[Date "2022.12.07"]
[WhiteClock "0:00:03"]
[BlackClock "0:00:20"]

1. e4 d6 2. d4 Nf6 3. Nc3 g6 4. Bf4 Bg7 5. Qd2 c6 6. Bh6 O-O 7. Bxg7 Kxg7 8. f3 b5 9. Bd3 b4 10. Nd1 c5 11. Ne2 Nc6 12. dxc5 dxc5 13. Ne3 Ne5 14. Nc4 Nxd3+ 15. Qxd3 Ba6 16. Qxd8 Rfxd8 17. Ne3 Rd7 18. a3 Rad8 19. Nf1 Bb5 20. Rc1 a5 21. c4 Ba4 22. axb4 axb4 23. Kf2 Bb3 24. g4 Rd2 25. Nxd2 Rxd2 26. Ke3 Rxb2 27. Nf4 Nd7 28. Nd3 Ra2 29. h4 Ra5 30. Rh2 Nb6 31. Ne5 f6 32. Nc6 Ra3 33. h5 Ba4+ 34. Kf4 Bxc6 35. hxg6 hxg6 36. Rch1 Kf7 37. Rh7+ Ke6 38. g5 fxg5+ 39. Kg4 Nxc4 40. R1h6 Ne5+ 41. Kxg5 Nf7+ 42. Rxf7 Kxf7 43. Rxg6 Bd7 44. f4 Rg3+ 0-1


[Site "https://www.chess.com"]

[Event "Titled Tuesday Blitz December 06 Early 2022"]
[White "Barria Zuniga, Daniel"]
[Black "Salinas Herrera, Pablo"]
[WhiteFideId "3400816"]
[BlackFideId "3407128"]
[WhiteElo "2414"]
[BlackElo "2557"]
[Result "1-0"]
[Round "11"]
[TimeControl "180+1"]
[Date "2022.12.06"]
[WhiteClock "0:00:19"]
[BlackClock "0:00:03"]

1. c4 e5 2. g3 Bc5 3. Bg2 d6 4. Nc3 a6 5. e3 Nc6 6. Nge2 Ba7 7. O-O h5 8. d4 h4 9. b4 hxg3 10. hxg3 Nxb4 11. Qa4+ Nc6 12. d5 b5 13. cxb5 Nce7 14. b6+ Bd7 15. bxc7 Qxc7 16. Qxa6 Nf6 17. Ba3 Nc8 18. Rfc1 O-O 19. Rab1 Qd8 20. Bxd6 Nxd6 21. Qxd6 Qa5 22. Qxe5 Rfe8 23. Qf4 Rac8 24. Ne4 Nxe4 25. Bxe4 Qxa2 26. Rxc8 Bxc8 27. Qf3 1-0


[Site "https://www.chess.com"]

[Event "Titled Tuesday Blitz December 06 Early 2022"]
[White "Bashirli, Saadat"]
[Black "Przybylski, Wojciech"]
[WhiteFideId "13429990"]
[BlackFideId "1117599"]
[WhiteElo "1408"]
[BlackElo "2217"]
[Result "0-1"]
[Round "11"]
[TimeControl "180+1"]
[Date "2022.12.07"]
[WhiteClock "0:00:02"]
[BlackClock "0:00:03"]

1. d4 Nf6 2. c4 e6 3. Nc3 Bb4 4. e3 O-O 5. Bd3 d5 6. a3 Bd6 7. c5 Be7 8. Nge2 e5 9. dxe5 Nfd7 10. Nxd5 Nxe5 11. Bc2 Bxc5 12. O-O Bd6 13. Nef4 Bg4 14. Qd4 Nbc6 15. Qc3 Nf3+ 16. Kh1 Qh4 17. h3 Nce5 18. g3 Qh6 19. Kg2 g5 20. Rh1 Nh4+ 21. gxh4 Bf3+ 22. Kg1 gxf4 23. Nxf4 Qg7+ 24. Kh2 Bc6 25. Bd1 Bxh1 26. Kxh1 Qf6 27. Be2 Qxh4 28. Bd2 Rae8 29. Rg1+ Kh8 30. Nd3 f6 31. Nf4 Ng6 32. Rg4 Qh6 33. Nxg6+ hxg6 34. Kg2 Be5 35. Qc4 f5 36. Rh4 Kh7 37. Rxh6+ Kxh6 38. Qh4+ Kg7 39. Qb4 Re7 40. Bc3 Bxc3 41. Qxe7+ Rf7 42. Qc5 Bf6 43. b4 b6 44. Qc6 f4 45. Bc4 Re7 46. Qd5 fxe3 47. fxe3 Rxe3 48. Qf7+ Kh6 49. Qxc7 Be5 50. Qe7 Bf4 51. Qf8+ Kg5 52. h4+ Kg4 53. Qc8+ Kxh4 54. Qh8+ Kg5 55. Qd8+ Kg4 56. Qd1+ Kg5 57. Kf2 Rh3 58. Qg1+ Kf6 59. Qa1+ Kg5 60. Qd1 Rh2+ 61. Kf3 Rh3+ 62. Kg2 Rg3+ 63. Kf2 Rh3 64. Qd5+ Kh6 65. Qd8 Rh4 66. Qh8+ Kg5 67. Qd8+ Kg4 68. Be6+ Kh5 69. Qh8+ Kg5 70. Qd8+ Kh5 71. Qd1+ Kg5 72. Qd5+ Kf6 73. Bg8 Be5 74. Qf7+ Kg5 75. Kg2 Rf4 76. Qe7+ Bf6 77. Qe3 Bg7 78. Be6 Bf8 79. Kg3 Bd6 80. Kg2 Kf6 81. Qd4+ Be5 82. Qd8+ Kxe6 83. Qe8+ Kf5 84. Qf7+ Ke4 85. Qxg6+ Kd4 86. Qe8 Re4 87. Qd8+ Kc4 88. Qc8+ Kd4 89. Qb7 Re3 90. Qxa7 Rb3 91. Qxb6+ Ke4 92. a4 Rb2+ 93. Kh3 Rb3+ 94. Kg4 Rg3+ 95. Kh5 Kf5 96. Kh4 Rg2 0-1


[Site "https://www.chess.com"]

[Event "Titled Tuesday Blitz December 06 Early 2022"]
[White "Battlecruiser_Operational"]
[Black "Belozerov, Andrei"]
[BlackFideId "4120213"]
[WhiteElo "2277"]
[BlackElo "2360"]
[Result "0-1"]
[Round "11"]
[TimeControl "180+1"]
[Date "2022.12.07"]
[WhiteClock "0:00:08"]
[BlackClock "0:01:40"]

1. d4 d5 2. c4 e6 3. Nc3 c6 4. e3 Nf6 5. Nf3 Nbd7 6. Qc2 Bd6 7. Bd2 O-O 8. O-O-O b5 9. c5 Bc7 10. Bd3 a5 11. Ne2 e5 12. Nxe5 Nxe5 13. dxe5 Bxe5 14. f4 Bc7 15. Nd4 Bd7 16. h3 Re8 17. Rdf1 a4 18. g4 a3 19. b3 Ne4 20. Be1 Qe7 21. b4 Ra4 22. Rhg1 Nxc5 23. Bxh7+ Kh8 24. Bd2 Na6 25. Bd3 Nxb4 26. Bxb4 Rxb4 27. Rf3 Rb2 28. Qc3 b4 29. Qe1 Qc5+ 30. Nc2 Re4 31. Bxe4 dxe4 32. Qh4+ Kg8 33. Rf2 Rxa2 34. Rd1 Ra1+ 35. Kd2 Qc3+ 36. Ke2 Qxc2+ 37. Rd2 Qc4+ 0-1


[Site "https://www.chess.com"]

[Event "Titled Tuesday Blitz December 06 Early 2022"]
[White "Bazarov, Konstantin"]
[Black "Nugumanov, Bakhtiyar"]
[WhiteFideId "4137000"]
[BlackFideId "13701797"]
[WhiteElo "2228"]
[BlackElo "2287"]
[Result "1-0"]
[Round "11"]
[TimeControl "180+1"]
[Date "2022.12.07"]
[WhiteClock "0:00:42"]
[BlackClock "0:01:44"]

1. d4 Nf6 2. c4 g6 3. Nc3 d5 4. cxd5 Nxd5 5. e4 Nxc3 6. bxc3 Bg7 7. Bc4 c5 8. Ne2 Nc6 9. Be3 O-O 10. h4 cxd4 11. cxd4 Qa5+ 12. Kf1 Qh5 13. f3 Rd8 14. Bd5 e6 15. Nf4 Qh6 16. Bxc6 bxc6 17. Nd5 cxd5 18. Bxh6 Bxh6 19. e5 Ba6+ 20. Kf2 Rac8 21. Qb3 Rc4 22. Rad1 Rdc8 23. Kg3 Rc2 24. Qa3 Be2 25. Rb1 Bc4 26. Rb2 Bc1 27. Rxc1 Rxc1 28. Rb7 Bf1 29. Qe7 Rf8 30. Kf2 Bc4 31. Rxa7 Rc2+ 32. Kg3 h5 33. a4 Bf1 34. a5 Rxg2+ 35. Kf4 Rd2 36. Kg5 Rxd4 37. Kh6 Rf4 38. Rd7 1-0


[Site "https://www.chess.com"]